Map: [ESL] Site Delta

Players

Oliveira - Winner!

  • Race: Terran Terran
  • Spawn Location: 5:00

Coffee

  • Race: Protoss Protoss
  • Spawn Location: 11:00

Event: ESL SC2 Masters 2024 Spring (Regional)

VOD

Have the link to the VOD?

Description

Time

  • Played on: April 25, 2024, 5:21 a.m.
  • Length: 13:55

All games in this series

Show
View Real Time Build Order
Export as new Build Order

Oliveira Terran - Winner!

Build Orders: Cyclone Opening, Reaper Expand 

Get SALT Encoding   

  12  0:00  SCV  
  13  0:12  SCV  
  14  0:17  Supply Depot  
  14  0:24  SCV  
  15  0:39  SCV, Barracks  
  16  0:44  Refinery  
  16  0:51  SCV  
  17  1:06  SCV  
  18  1:18  SCV  
  19  1:29  Reaper  
  19  1:32  Orbital Command  
  20  1:42  Command Center  
  20  1:52  Supply Depot  
  20  1:58  SCV  
  21  2:02  Marine  
  22  2:10  SCV, Factory  
  23  2:17  Bunker  
  23  2:22  SCV  
  24  2:25  Barracks Reactor  
  24  2:30  Barracks  
  24  2:34  SCV  
  25  2:39  Refinery  
  25  2:46  SCV  
  26  2:54  Cyclone, Orbital Command  
  28  2:58  SCV  
  28  3:03  Marine  
  28  3:04  Marine  
  31  3:10  SCV  
  32  3:17  Barracks Tech Lab  
  32  3:21  SCV, Marine x2  
  32  3:22  SCV  
  36  3:28  Factory Tech Lab, Supply Depot  
  36  3:33  SCV  
  37  3:36  Stimpack, SCV, Marine  
  37  3:39  Marine  
  40  3:45  SCV  
  40  3:46  Marine  
  40  3:47  Siege Tank  
  45  3:50  SCV  
  45  3:54  Supply Depot, Marine  
  47  3:57  SCV  
  47  4:02  SCV  
  48  4:03  Starport  
  48  4:04  Marine  
  48  4:05  Marine  
  48  4:09  SCV  
  51  4:13  Supply Depot, Marine  
  51  4:16  SCV  
  53  4:21  SCV, Engineering Bay  
  54  4:25  Siege Tank  
  54  4:26  Marine  
  54  4:28  Marine  
  54  4:30  SCV  
  60  4:34  SCV, Supply Depot  
  60  4:38  Refinery, Marine  
  61  4:43  SCV, Medivac  
  65  4:46  SCV  
  65  4:48  Marine x2  
  65  4:51  Barracks  
  68  4:55  SCV  
  68  4:57  Marine  
  68  4:58  SCV, Supply Depot  
  71  5:04  Terran Infantry Weapons Level 1  
  71  5:06  Marine, Missile Turret  
  72  5:07  Marine  
  72  5:09  SCV  
  74  5:18  SCV  
  74  5:19  Marine  
  74  5:21  SCV  
  77  5:22  Starport Reactor  
  77  5:25  Factory Reactor  
  77  5:27  Marine  
  76  5:30  SCV, Refinery  
  76  5:31  Supply Depot  
  76  5:33  Marine  
  76  5:35  Combat Shield  
  78  5:36  SCV  
  78  5:39  Marauder  
  81  5:43  SCV  
  81  5:48  SCV  
  82  5:51  Command Center  
  82  5:55  SCV  
  83  5:58  Marauder  
  83  5:59  Concussive Shells  
  83  6:00  Supply Depot  
  85  6:04  Marine x2  
  85  6:05  Marauder  
  89  6:12  Supply Depot  
  89  6:16  Medivac x2  
  93  6:19  Marine  
  93  6:22  Marine  
  95  6:27  Barracks  
  95  6:28  Marauder, Marine  
  95  6:31  Barracks  
  98  6:37  Marine  
  98  6:38  Factory Reactor  
  93  6:40  Marine  
  79  6:50  Marauder  
  79  6:51  Marine  
  79  6:56  Marine  
  79  6:58  Marine  
  79  6:59  SCV  
  79  7:00  SCV  
  83  7:01  Armory, Engineering Bay  
  83  7:02  Medivac x2  
  83  7:07  Orbital Command  
  83  7:08  Terran Infantry Armor Level 1  
  87  7:10  Marine  
  87  7:11  Marauder  
  87  7:14  Marauder  
  92  7:16  Marine x2  
  92  7:17  Marine  
  92  7:19  Barracks Tech Lab  
  92  7:21  Widow Mine x2  
  99  7:28  Supply Depot, Marine  
  99  7:33  Marauder  
  99  7:34  Medivac x2  
  99  7:35  Orbital Command  
  104  7:39  Ghost Academy  
  104  7:40  SCV  
  104  7:42  Marauder  
  104  7:43  Marine x3, Marauder  
  112  7:46  Widow Mine x2  
  112  7:51  Terran Infantry Weapons Level 2  
  114  7:54  Marine x2  
  114  8:02  Marine  
  114  8:04  Marauder  
  114  8:05  Marine x2  
  116  8:06  SCV x2, Marauder  
  116  8:07  SCV  
  119  8:16  Ghost  
  119  8:17  Marine  
  119  8:19  SCV x2  
  124  8:22  Supply Depot  
  124  8:23  Supply Depot, Marine  
  124  8:24  Ghost  
  124  8:25  SCV  
  128  8:28  Ghost  
  128  8:29  Marine  
  128  8:31  SCV  
  128  8:33  SCV  
  133  8:45  Ghost  
  135  8:52  Marine  
  135  8:53  SCV  
  136  8:58  Ghost  
  120  9:03  Ghost  
  120  9:09  Widow Mine  
  115  9:12  Marine x4  
  115  9:13  SCV x2  
  115  9:14  SCV  
  115  9:15  Marauder  
  123  9:17  Refinery, Command Center  
  123  9:18  Refinery  
  123  9:24  Supply Depot  
  123  9:27  Marauder  
  123  9:28  SCV x2, Supply Depot  
  123  9:30  Marine x2  
  129  9:34  SCV  
  129  9:36  Barracks x2, Terran Infantry Armor Level 2  
  129  9:37  Barracks  
  130  9:40  SCV, Marauder x2  
  130  9:44  Marine x2  
  137  9:46  Viking  
  137  9:49  Marauder  
  122  10:08  Marauder, Marine  
  122  10:11  Viking  
  122  10:12  Ghost x2  
  122  10:13  Marine x3  
  133  10:15  Terran Infantry Weapons Level 3  
  133  10:16  SCV x3  
  138  10:24  Medivac  
  138  10:25  Barracks Tech Lab x3  
  136  10:28  SCV x2  
  136  10:30  Missile Turret  
  136  10:31  Marine, Missile Turret  
  136  10:34  Ghost  
  136  10:35  Marine x3  
  143  10:38  SCV  
  143  10:40  SCV  
  143  10:41  Marauder  
  143  10:42  SCV  
  149  10:44  Sensor Tower  
  149  10:45  Marauder  
  149  10:48  Medivac  
  149  10:49  Marauder  
  155  10:50  SCV  
  155  10:56  Marauder  
  155  10:57  Medivac, Marauder  
  160  10:58  Marine  
  160  11:01  Marine x2  
  160  11:02  Marine  
  165  11:06  Planetary Fortress  
  165  11:11  Marauder  
  167  11:18  Marine x2  
  167  11:19  Marauder  
  171  11:27  Marine x3  
  171  11:28  Marauder x2  
  178  11:34  Command Center  
  178  11:35  Supply Depot x2  
  178  11:38  Terran Ship Weapons Level 1  
  178  11:39  Supply Depot  
  180  11:40  Marauder  
  180  11:42  Refinery x2  
  179  11:54  Marauder  
  180  11:57  Marauder  
  180  11:58  Marauder  
  183  12:06  Marine x2  
  183  12:07  Marauder  
  186  12:12  Command Center  
  172  12:20  Marine x2  
  172  12:21  Medivac, Marauder  
Show
View Real Time Build Order
Export as new Build Order

Coffee Protoss 

Build Orders: 1 Gate Expand, Blink Stalkers 

Get SALT Encoding   

  12  0:00  Probe  
  13  0:12  Probe  
  14  0:20  Pylon  
  14  0:24  Probe  
  15  0:38  Probe (Chrono Boost), Gateway  
  16  0:48  Assimilator  
  16  0:49  Probe (Chrono Boost)  
  17  0:53  Probe (Chrono Boost)  
  18  1:04  Probe  
  19  1:16  Probe  
  20  1:25  Cybernetics Core  
  20  1:36  Nexus  
  20  1:41  Probe  
  20  1:46  Pylon  
  21  1:52  Assimilator  
  21  1:56  Probe  
  22  2:01  Adept (Chrono Boost)  
  22  2:06  Warp Gate  
  22  2:08  Probe  
  25  2:16  Shield Battery  
  25  2:20  Probe  
  25  2:27  Stalker  
  27  2:40  Twilight Council, Probe (Chrono Boost)  
  28  2:50  Probe (Chrono Boost)  
  29  2:58  Probe (Chrono Boost)  
  30  3:00  Probe (Chrono Boost)  
  30  3:04  Probe (Chrono Boost)  
  30  3:05  Probe (Chrono Boost)  
  32  3:08  Blink (Chrono Boost)  
  33  3:16  Probe  
  33  3:17  Probe  
  33  3:18  Sentry  
  37  3:28  Probe  
  37  3:29  Probe  
  37  3:32  Gateway  
  39  3:40  Probe  
  39  3:41  Probe  
  40  3:52  Nexus, Probe  
  40  3:55  Probe  
  40  4:00  Stalker  
  43  4:04  Probe  
  43  4:08  Pylon  
  44  4:12  Probe  
  44  4:16  Probe  
  46  4:21  Assimilator  
  46  4:23  Gateway  
  46  4:26  Probe  
  46  4:27  Pylon  
  46  4:29  Probe  
  48  4:31  Stalker  
  48  4:34  Stalker  
  48  4:38  Probe  
  53  4:41  Probe  
  53  4:43  Pylon  
  54  4:50  Templar Archives  
  54  4:52  Assimilator  
  54  4:53  Charge (Chrono Boost), Probe x2 (Chrono Boost)  
  56  5:05  Probe (Chrono Boost)  
  59  5:11  Probe x2 (Chrono Boost)  
  60  5:14  Probe (Chrono Boost)  
  60  5:15  Stalker x2  
  60  5:18  Probe (Chrono Boost)  
  65  5:27  Shield Battery  
  65  5:30  Stalker  
  65  5:31  Shield Battery  
  67  5:39  Stalker x2  
  69  5:53  Psionic Storm  
  69  5:54  Zealot  
  71  6:03  Zealot x2  
  75  6:09  Gateway  
  75  6:10  Gateway  
  75  6:13  Pylon  
  75  6:15  Pylon  
  75  6:16  Zealot  
  75  6:18  Probe  
  78  6:20  Gateway  
  78  6:22  Gateway  
  78  6:28  Probe x2  
  80  6:35  Probe  
  75  6:40  Probe  
  72  6:47  Probe x2  
  72  6:50  Pylon  
  72  6:51  High Templar  
  72  6:53  Probe  
  77  6:57  Pylon, Gateway  
  77  6:58  Pylon, Forge  
  77  7:02  Pylon  
  77  7:07  Pylon  
  77  7:08  High Templar x2, Probe x3  
  84  7:17  Gateway  
  84  7:18  Zealot x2  
  84  7:19  Gateway  
  84  7:20  Probe x3  
  88  7:32  Protoss Ground Weapons Level 1 (Chrono Boost), Probe x3  
  88  7:35  Zealot  
  93  7:40  Cybernetics Core  
  95  7:44  Probe x3  
  95  7:48  Zealot x4  
  104  7:56  Pylon, Probe x3  
  87  8:06  High Templar x2  
  87  8:08  Nexus  
  87  8:12  Zealot x2  
  93  8:13  Zealot x3  
  93  8:17  Robotics Facility  
  101  8:20  High Templar  
  101  8:26  Pylon  
  103  8:30  Probe x3  
  106  8:36  High Templar x2  
  106  8:41  Zealot x5  
  87  9:04  Zealot  
  87  9:05  Zealot x5  
  86  9:13  Observer (Chrono Boost), Probe x2  
  86  9:14  Probe  
  90  9:18  Stalker x2  
  90  9:19  Protoss Ground Weapons Level 2 (Chrono Boost)  
  90  9:23  Pylon  
  94  9:24  Probe  
  94  9:25  Probe x2  
  94  9:26  Stalker x3, Probe  
  94  9:30  Observer (Chrono Boost)  
  104  9:36  Probe  
  104  9:37  Probe x2  
  108  9:38  Stalker x2  
  108  9:39  Probe  
  113  9:47  Assimilator, High Templar x2  
  113  9:48  Probe  
  113  9:49  Probe x2  
  113  9:51  Assimilator  
  120  9:54  Archon  
  120  9:57  Zealot x3  
  122  10:04  Probe x2  
  104  10:11  Zealot x2  
  104  10:12  Zealot  
  106  10:16  Pylon, Probe x2  
  108  10:24  High Templar x2  
  108  10:26  Robotics Facility  
  112  10:28  Photon Cannon  
  112  10:31  Photon Cannon  
  112  10:32  Photon Cannon  
  112  10:33  Stalker x2  
  112  10:34  Shield Battery  
  116  10:46  Probe x3  
  119  10:52  Zealot x2  
  123  10:57  Robotics Bay  
  123  11:13  Probe  
  123  11:14  Probe  
  125  11:20  Pylon  
  125  11:23  Pylon  
  125  11:24  Pylon  
  125  11:25  Pylon  
  123  11:30  Pylon  
  117  11:33  High Templar x4, Photon Cannon  
  117  11:34  Zealot x3  
  117  11:38  Archon x2, Photon Cannon  
  125  11:55  Zealot x2  
  123  12:05  Zealot  
  123  12:06  Zealot  
  137  12:15  Zealot  
  105  12:18  Archon  
  105  12:19  Zealot x4  
Tags
 
Add a new tag
Caveats
  • Supply blocks, unpowered buildings, or Contaminate may cause inaccurate times.
  • Supply counts are checked every 10 seconds.